 Dungeon Crawl Stone Soup version 0.24-a0-181-gd121a6d (webtiles) character file.

Game seed: 5446682155122678691

4133 emperorscorpion the Cleaver (level 10, -9/90 HPs)
             Began as a Minotaur Berserker on Mar 13, 2019.
             Was a Priest of Trog.
             Killed from afar by an orc (34 damage)
             ... with an exploding inner flame
             ... hexed by the player character
             ... on level 10 of the Dungeon on Mar 14, 2019.
             The game lasted 00:20:19 (1882 turns).

emperorscorpion the Cleaver (Minotaur Berserker)    Turns: 1882, Time: 00:20:21

Health: -9/90      AC: 12    Str: 23    XL:     10   Next: 6%
Magic:  9/9        EV: 11    Int:  3    God:    Trog [***...]
Gold:   245        SH:  0    Dex: 11    Spells: 9/9 levels left

rFire    . . .     SeeInvis .   a - +3 war axe (flame)
rCold    . . .     Gourm    .   (no shield)
rNeg     . . .     Faith    .   v - +1 chain mail
rPois    .         Spirit   .   (helmet unavailable)
rElec    .         Reflect  .   (no cloak)
rCorr    .         Harm     .   (no gloves)
MR       .....     Rnd*Tele +   (no boots)
Stlth    ..........             (no amulet)
HPRegen  0.25/turn              h - ring of teleportation (curse)
MPRegen  0.11/turn              (no ring)

@: lethally poisoned (-9 -> -10)
A: retaliatory headbutt, horns 3, dopey 1
a: Berserk, Trog's Hand, Renounce Religion


You were on level 10 of the Dungeon.
You worshipped Trog.
Trog was most pleased with you.
You were not hungry.

You visited 1 branch of the dungeon, and saw 10 of its levels.

You collected 245 gold pieces.

Inventory:

Hand Weapons
 a - a +3 war axe of flaming (weapon)
 n - the cursed +2 falchion of Disharmony {antimagic, Str+2}
   (You found it on level 5 of the Dungeon)

   It reduces the magical energy of the wielder, and disrupts the spells and
   magical abilities of those hit.
   Natural abilities and divine invocations are not affected.
   It affects your strength (+2).
   It has a curse placed upon it.
 u - a +0 spear
 D - a +0 hand axe
Missiles
 d - 10 poisoned needles
 i - 8 tomahawks
 k - 2 steel javelins
 l - 2 poisoned tomahawks (quivered)
Armour
 b - a +0 animal skin
 e - a +0 ring mail
 v - a +1 chain mail (worn)
Jewellery
 f - an uncursed ring of ice
 h - a cursed ring of teleportation (left hand)
Wands
 g - a wand of random effects (12)
 r - a wand of paralysis (9)
Scrolls
 j - 3 scrolls of remove curse
 o - 3 scrolls of identify
 p - 2 scrolls of random uselessness
 w - a scroll of blinking
 x - a scroll of magic mapping
Potions
 m - a potion of mutation
 q - 6 potions of curing
 s - a potion of heal wounds
 t - 2 potions of cancellation {unknown}
 z - a potion of lignification {unknown}
 A - a potion of might {unknown}
 B - a potion of invisibility {unknown}
Comestibles
 c - 6 rations
 C - 2 chunks of flesh


   Skills:
 + Level 8.8 Fighting
 + Level 11.0 Axes
 + Level 0.5 Throwing
 + Level 9.6 Armour
 + Level 5.7 Dodging
 + Level 1.6 Stealth


You had 9 spell levels left.
You didn't know any spells.
Your spell library contained the following spells:

 Spells                   Type           Power        Failure   Level  Hunger
 Beastly Appendage        Tmut           #.....       98%         1    ##.....
 Corona                   Hex            #......      98%         1    ##.....
 Sting                    Conj/Pois      #...         98%         1    ##.....
 Ensorcelled Hibernation  Hex/Ice        #.....       99%         2    ###....
 Poisonous Vapours        Pois/Air       #.....       99%         2    ###....
 Sticks to Snakes         Tmut           #.......     99%         2    ###....
 Confuse                  Hex            #.......     100%        3    ####...
 Dazzling Spray           Conj/Hex       #.....       100%        3    ####...
 Mephitic Cloud           Conj/Pois/Air  #.......     100%        3    ####...
 Spider Form              Tmut/Pois      #.........   100%        3    ####...
 Tukima's Dance           Hex            #.......     100%        3    ####...
 Ice Form                 Ice/Tmut       #.......     100%        4    #####..
 Olgreb's Toxic Radiance  Pois           #.......     100%        4    #####..
 Blade Hands              Tmut           #.........   100%        5    ######.
 Venom Bolt               Conj/Pois      #.........   100%        5    ######.


Dungeon Overview and Level Annotations

Branches:
Dungeon (10/15)              Lair (0/6) D:10            Orc (0/2) D:10
 Temple: D:4-7

Altars:
Dithmenos
Beogh

Shops:
D:8 (%


Innate Abilities, Weirdness & Mutations

You reflexively headbutt those who attack you in melee.
You have a pair of large horns on your head.
You are dopey. (Int -2)


Message History

The adder resists with significant effort.
The adder bites you.
You are poisoned.
The adder poisons you! The orc barely misses you. You furiously retaliate!
You headbutt the orc.
Evoke which item? (* to show all) (? for menu, Esc to quit)
Aiming: Random Effects
Press: ? - help, Shift-Dir - straight line, f/p - orc
Aim: an orc, wielding a +0 dagger (unusually strong, inner flame)
The puff of flame hits the adder!
The adder is severely wounded.
You feel sick. The adder bites you but does no damage. The orc misses you.
The adder misses you. You furiously retaliate!
You headbutt the adder!
The adder explodes!
The fiery explosion engulfs you!!
* * * LOW HITPOINT WARNING * * *
The fiery explosion engulfs the orc!!!
The orc explodes!
The fiery explosion engulfs you!!
You die...

!.⌠oo8.##
..Ooo'..#
...o.8..# ##
#o.#
...#######.$#
........(.o.#
....<.§§o§..#
......§§§o..#
...>..§@§...#
............#
............#
#...........+
#....?......#
#...........#
#..##########
#..


You could see an orc knight (inner flame), an orc warrior (inner flame) and 2
orcs.

Vanquished Creatures
  Gastronok (D:8)
  Pikel (D:7)
  Joseph (D:7)
  A hog (D:6)
  A human (D:6)
  Menkaure (D:5)
  A slave (D:7)
  A sky beast (D:5)
  A black bear (D:6)
  A necrophage (D:7)
  3 ogres
  3 bullfrogs
  2 scorpions
  A wyvern skeleton (D:8)
  2 howler monkeys
  2 crimson imps
  5 hounds
  2 iguanas
  Terence (D:3)
  Natasha (D:3)
  3 worker ants
  2 orc wizards
  A worker ant zombie (D:5)
  3 gnolls (D:3)
  A howler monkey zombie (D:6)
  5 adders
  An adder zombie (D:6)
  A worm (D:3)
  4 leopard geckos
  7 orcs
  7 giant cockroaches
  A goblin (D:1)
  4 hobgoblins
  4 jackals
  5 kobolds
  4 quokkas
  2 bats (D:3)
  A quokka zombie (D:5)
  A rat (D:2)
89 creatures vanquished.

Vanquished Creatures (others)
  A crimson imp (D:7)
  A shadow imp (D:7)
  An orc (D:7)
3 creatures vanquished.

Grand Total: 92 creatures vanquished

Notes
Turn   | Place    | Note
-------+----------+-------------------------------------------
     0 | D:1      | emperorscorpion the Minotaur Berserker began the quest for
                  | the Orb.
     0 | D:1      | Reached XP level 1. HP: 19/19 MP: 0/0
   210 | D:2      | Reached XP level 2. HP: 27/27 MP: 1/1
   246 | D:2      | Reached skill level 4 in Axes
   367 | D:3      | Noticed Natasha
   372 | D:3      | Killed Natasha
   372 | D:3      | Reached XP level 3. HP: 33/33 MP: 2/2
   460 | D:3      | Reached XP level 4. HP: 41/41 MP: 3/3
   476 | D:3      | Noticed Terence
   478 | D:3      | Gained mutation: You are dopey. (Int -2) [potion of
                  | mutation]
   478 | D:3      | Gained mutation: You have a pair of large horns on your
                  | head. [potion of mutation]
   482 | D:3      | Reached skill level 5 in Fighting
   519 | D:3      | Reached ** piety under Trog
   578 | D:3      | Killed Terence
   578 | D:3      | Reached XP level 5. HP: 23/48 MP: 4/4
   644 | D:3      | Reached skill level 5 in Axes
   653 | D:3      | Found a shadowy altar of Dithmenos.
   691 | D:4      | Reached XP level 6. HP: 41/57 MP: 5/5
   692 | D:4      | Reached skill level 6 in Axes
   829 | D:5      | Entered Level 5 of the Dungeon
   844 | D:5      | Reached skill level 5 in Armour
   844 | D:5      | Reached XP level 7. HP: 63/63 MP: 6/6
   904 | D:5      | Noticed Menkaure
   934 | D:5      | Reached skill level 7 in Axes
   938 | D:5      | Killed Menkaure
   963 | D:5      | Got a shimmering falchion
   969 | D:5      | Identified the cursed +2 falchion of Disharmony {antimagic,
                  | Str+2} (You found it on level 5 of the Dungeon)
   986 | D:5      | Reached *** piety under Trog
  1143 | D:6      | Reached XP level 8. HP: 71/71 MP: 7/7
  1216 | D:7      | Noticed Pikel
  1230 | D:7      | Killed Pikel
  1230 | D:7      | Reached skill level 8 in Axes
  1245 | D:7      | Noticed Joseph
  1271 | D:6      | Reached skill level 9 in Axes
  1271 | D:6      | Reached skill level 1 in Stealth
  1281 | D:6      | Reached skill level 5 in Dodging
  1318 | D:6      | Reached XP level 9. HP: 38/79 MP: 8/8
  1492 | D:7      | Killed Joseph
  1495 | D:7      | Upgraded the game from 0.24-a0-176-gc3651c4 to
                  | 0.24-a0-181-gd121a6d
  1508 | D:8      | Found Ydaptef's Antique Weapon Shop.
  1655 | D:8      | Found Oskuokh's Food Shop.
  1669 | D:8      | Noticed Gastronok
  1685 | D:8      | Killed Gastronok
  1685 | D:8      | Reached skill level 11 in Axes
  1685 | D:8      | Reached XP level 10. HP: 69/90 MP: 9/9
  1785 | D:9      | Identified a scroll of acquirement
  1869 | D:10     | Entered Level 10 of the Dungeon
  1869 | D:10     | Found a staircase to the Lair.
  1873 | D:10     | Noticed an orc knight
  1873 | D:10     | Found a roughly hewn altar of Beogh.
  1873 | D:10     | Found a staircase to the Orcish Mines.
  1882 | D:10     | Killed from afar by an orc

Levels and vault maps discovered:
D:1:      onia_arrival_pyramid, layout_basic, st_stairs_11, minmay_3d_cube
D:2:      layout_loops_ring
D:3:      kennysheep_goblin_castle, layout_basic, lemuel_crystal_altar,
          uniq_natasha, uniq_terence
D:4:      layout_cave_pools, xom_redecorated, grunt_temple_overflow_open,
          lemuel_temple_firewalk_a, first_ration, chequers_serial_rivers_micro_b
D:5:      layout_layer_cave, kennysheep_mini_moat, kennysheep_boxes,
          uniq_menkaure
D:6:      layout_loops_ring, gammafunk_temple_overflow_elements,
          minmay_misc_feat_doors, kennysheep_generic_room_10
D:7:      layout_cave_pools, grunt_livestock, uniq_joseph, uniq_pikel
D:8:      minmay_bloctagon_deflated, layout_loops_ring,
          nicolae_ashenzari_panopticon, serial_shops, shop, shop, shop,
          uniq_gastronok
D:9:      layout_long_grid, nicolae_qazlal_general_emergency,
          nicolae_overflow_crystal_walls, kennysheep_just_a_vault
D:10:     layout_roguey, lair_entry_dummy, david_orc_5, minivault_12

Skill      XL: |  1  2  3  4  5  6  7  8  9 |
---------------+----------------------------+-----
Fighting       | 4 5 6 7 8 |  8.8
Axes           | 4 5 6 7 9 11 | 11.0
Armour         | 3 4 5 6 7 9 |  9.6
Dodging        | 3 5 |  5.7
Stealth        | 1 |  1.6
Throwing       | |  0.5

Action                   |  1- 3 |  4- 6 |  7- 9 | 10-12 || total
-------------------------+-------+-------+-------+-------++-------
Melee: Hand axe          |    37 |    74 |   136 |     3 ||   250
       Headbutt          |     4 |    13 |    31 |     1 ||    49
       War axe           |       |       |       |     2 ||     2
Throw: Tomahawk          |       |       |     2 |       ||     2
Invok: Berserk           |     4 |     5 |     8 |       ||    17
       Trog's Hand       |       |     1 |     1 |       ||     2
Evoke: Wand              |       |       |       |     2 ||     2
  Use: Scroll            |     1 |     3 |     8 |     2 ||    14
       Potion            |       |     2 |     1 |       ||     3
  Eat: Chunk             |     1 |     7 |    11 |     1 ||    20
Armor: Ring mail         |    16 |    40 |    26 |       ||    82
       Chain mail        |       |       |    46 |     3 ||    49
Dodge: Dodged            |    26 |    67 |    80 |    10 ||   183

Table legend:
 A = Non-vault XP
 B = Vault XP
 C = Vault XP percentage of total XP
 D = Non-vault monster count
 E = Vault monster count
 F = Vault count percentage of total count
                 A         B        C        D         E       F
            +---------+---------+-------+---------+---------+-------
      Total |    1991 |    3914 |  66.3 |      79 |       9 |  10.2
            +---------+---------+-------+---------+---------+-------
        D:1 |       6 |       0 |   0.0 |       3 |       0 |   0.0
        D:2 |      18 |       0 |   0.0 |      10 |       0 |   0.0
        D:3 |     209 |      71 |  25.4 |      18 |       2 |  10.0
        D:4 |     279 |       0 |   0.0 |      11 |       0 |   0.0
        D:5 |     540 |     172 |  24.2 |      13 |       1 |   7.1
        D:6 |     377 |     489 |  56.5 |      16 |       3 |  15.8
        D:7 |     370 |    1104 |  74.9 |       5 |       2 |  28.6
        D:8 |      70 |    2078 |  96.7 |       1 |       1 |  50.0
        D:9 |     122 |       0 |   0.0 |       2 |       0 |   0.0
            +---------+---------+-------+---------+---------+-------
